 Dungeon Crawl Stone Soup version 0.17.2-1-ge4368a0 (webtiles) character file.

30 Goblin1989 the Twirler (level 3, 0/29 HPs)
             Began as a Draconian Gladiator on Oct 12, 2016.
             Killed by nerve-wracking pain
             ... invoked by Jessica
              (10 damage)
             ... on level 2 of the Dungeon.
             The game lasted 00:02:34 (935 turns).

Goblin1989 the Twirler (Draconian Gladiator)         Turns: 935, Time: 00:02:35

Health: 0/29       AC:  6    Str: 17    XL:     3   Next: 5%
Magic:  3/3        EV: 14    Int:  8    God:
Gold:   85         SH:  0    Dex: 12    Spells: 0 memorised, 2 levels left

rFire  . . .     SeeInvis .     a - +0 quarterstaff
rCold  . . .     Clarity  .     (armour unavailable)
rNeg   . . .     SustAt   .     (shield currently unavailable)
rPois  .         Gourm    .     b - +0 hat
rElec  .         Spirit   .     g - +0 cloak
rCorr  .         Warding  .     (no gloves)
rMut   .         Stasis   .     (no boots)
MR     .....                    (no amulet)
Stlth  +.........               (no ring)
                                n - +2 ring of evasion

@: not resistant to hostile enchantments, very unstealthy
A: unfitting armour, cold-blooded, AC +5
a: no special abilities


You were on level 2 of the Dungeon.
You were not hungry.

You visited 1 branch of the dungeon, and saw 2 of its levels.

You collected 85 gold pieces.

Inventory:

Hand Weapons
 a - a +0 quarterstaff (weapon)
Missiles
 Z - 3 throwing nets (quivered)
Armour
 b - a +0 hat (worn)
 g - a +0 cloak (worn)
Jewellery
 n - a +2 ring of evasion (left hand)
Scrolls
 c - a scroll of teleportation {unknown}
 e - 2 scrolls of identify {unknown}
 f - a scroll of magic mapping {unknown}
 i - a scroll of remove curse {unknown}
 j - a scroll of blinking {unknown}
 k - a scroll of enchant armour {unknown}
 m - a scroll of recharging {unknown}
Potions
 h - a potion of agility {unknown}
 o - a potion of lignification {unknown}
Comestibles
 d - 3 bread rations {@e1}
 l - 3 fruits


   Skills:
 - Level 2.1 Fighting
 + Level 4.2 Staves
 - Level 1.7 Throwing
 - Level 2.6 Dodging


You had 2 spell levels left.
You didn't know any spells.

Dungeon Overview and Level Annotations

Branches:
Dungeon (2/15)

Altars:
Nemelex Xobeh

Annotations:
D:2 Jessica


Innate Abilities, Weirdness & Mutations

Your plain brown scales are hard (AC +5).
Your body does not fit into most forms of armour.
You are cold-blooded and may be slowed by cold attacks.


Message History

You closely miss the jackal.
Your tail-slap misses the jackal.
The jackal is heavily wounded.
The bat hits you but does no damage. The jackal barely misses you.
The jackal bites you but does no damage. x2
Jessica hits you but does no damage.
Unknown command.
You barely miss the jackal.
The jackal is heavily wounded.
The bat closely misses you. The jackal misses you. The jackal misses you.
Jessica misses you.
The jackal bites you but does no damage.
Unknown command.
You hit the jackal.
You tail-slap the jackal, but do no damage.
The jackal is severely wounded.
The bat hits you but does no damage.
The jackal bites you but does no damage.
Jessica gestures at you while chanting. Pain shoots through your body!
You die...

...ਜ .... ...ਜ
ਜਜਜਜ...ਜ.
ਜਜ........
ਜ.........
ਜਜ.@†b.....
ਜਜ..@†......
ਜ...hh.⌂....
ਜ.>.........
ਜਜਜ...........
ਜਜ.............
ਜ..ਜਜ..........
ਜਜ.ਜ............
ਜਜਜਜ....ਜਜਜ........
ਜ....ਜਜਜਜ .......


You could see Jessica, 2 jackals and a bat.

Vanquished Creatures
  4 giant cockroaches (D:1)
  5 goblins (D:1)
  4 hobgoblins
  3 jackals
  2 ball pythons (D:1)
  A bat (D:1)
  A giant newt (D:1)
  6 kobolds (D:1)
  3 rats (D:1)
29 creatures vanquished.

Notes
Turn   | Place    | Note
--------------------------------------------------------------
     0 | D:1      | Goblin1989 the Draconian Gladiator began the quest for the Orb.
     0 | D:1      | Reached XP level 1. HP: 17/17 MP: 1/1
   155 | D:1      | Reached XP level 2. HP: 19/24 MP: 2/2
   738 | D:1      | Reached skill level 4 in Staves
   915 | D:2      | Found a sparkling altar of Nemelex Xobeh.
   915 | D:2      | Noticed Jessica
   926 | D:2      | Reached XP level 3. HP: 10/29 MP: 3/3
   935 | D:2      | Killed from afar by Jessica

Action                   || total
-------------------------++-------
Melee: Quarterstaff      ||    68
 Stab: Sleeping          ||     1

Vault maps used:
D:1:      tarquinn_simple_flora_water_c, minmay_quantized
D:2:      nemelex_deck, first_bread, uniq_jessica, uniq_natasha
